AoeStats
← TPE-床上小旋風

Arabia

503553423Analyzed
4v4 RM · 1mo ago on Sep 1, 2026· 30m 11s· 8 players
Game mode
Random Map
Map size
Large (8 player)
Population
200
Speed
Normal
Resources
Standard
Victory
Conquest
Starting age
Dark Age
Ending age
Imperial Age
RankedLock teamsTeams togetherTeam positionsShared explorationLock speedFull tech treeHidden civsTurbo modeCheats
Victory
Defeat
🇲🇽 Britons · Mexico
1366
+16
🇷🇺 Persians · Russia
1350
+17
🇷🇺 Magyars · Russia
1297
+19
🇷🇺 Ethiopians · Russia
1256
+21
🇦🇷 Franks · Argentina
1743
-29
🇦🇷 Persians · Argentina
1342
-17
🇦🇷 Britons · Argentina
1196
-11
🇦🇷 Maya · Argentina
1188
-10
sgt peppers s
6:49 Loom
9:07 Feudal Age
13:04 Fletching
16:40 Double-Bit Axe
19:45 Horse Collar
23:04 Castle Age
22:09 Gold Mining
22:41 Padded Archer Armor
23:07 Crossbowman
23:43 Bodkin Arrow
26:30 Wheelbarrow
26:49 Ballistics
TPE-床上小旋風
5:32 Loom
9:13 Feudal Age
10:03 Double-Bit Axe
11:30 Horse Collar
16:00 Scale Barding Armor
17:31 Bloodlines
19:41 Wheelbarrow
23:26 Castle Age
23:06 Gold Mining
23:08 Stone Mining
24:17 Husbandry
24:39 Chain Barding Armor
24:38 Bow Saw
25:05 Gold Shaft Mining
28:30 Heavy Plow
boomer2000
5:03 Loom
5:27 Loom
10:08 Feudal Age
11:13 Double-Bit Axe
11:10 Horse Collar
12:47 Fletching
13:03 Gold Mining
25:29 Castle Age
25:48 Crossbowman
26:25 Bodkin Arrow
26:57 Bow Saw
30:32 Ballistics
31:18 Wheelbarrow
Desht_Kipchak
8:57 Feudal Age
9:23 Double-Bit Axe
10:30 Loom
20:31 Gold Mining
22:13 Forging
21:59 Horse Collar
23:44 Wheelbarrow
27:33 Castle Age
26:03 Bloodlines
26:32 Scale Barding Armor
26:59 Stone Mining
28:02 Husbandry
29:13 Gold Shaft Mining
28:57 Bow Saw
30:26 Gold Shaft Mining
ZY_Heizerd
0:34 Loom
9:59 Feudal Age
22:37 Double-Bit Axe
27:57 Castle Age
28:33 Crossbowman
29:09 Fletching
30:53 Ballistics
Zy_Dragneel
5:53 Loom
8:37 Feudal Age
9:29 Double-Bit Axe
10:55 Town Watch
16:07 Horse Collar
17:21 Scale Barding Armor
18:30 Forging
20:05 Bloodlines
24:36 Castle Age
23:16 Gold Mining
25:03 Wheelbarrow
24:27 Light Cavalry
25:09 Husbandry
25:30 Chain Barding Armor
27:01 Iron Casting
28:11 Bow Saw
The Sar AOE
7:09 Loom
9:34 Feudal Age
10:03 Double-Bit Axe
13:29 Gold Mining
17:18 Fletching
28:18 Castle Age
28:22 Crossbowman
wR.Locoser
9:15 Feudal Age
9:46 Double-Bit Axe
14:00 Loom
17:38 Forging
18:43 Wheelbarrow
22:57 Castle Age
20:58 Gold Mining
22:09 Scale Barding Armor
23:04 Light Cavalry
23:54 Bow Saw
24:30 Husbandry
Connection lost

Rejoining the realm…

Still unreachable

The connection could not be restored.

Session expired

The server has moved on; the page needs a fresh start.